General information
- name: BNet
- type: Ladder team game (AT/RT)
- host: Battle.net
- saver: UrOwner
map: TwilightRuins
- players: 8
- length: 25:15
- speed: Fast
- version: 1.26 W3XP
- replay type: Public
» download(223 KB)
Players
team 1 (winner)
RacistChocolate (
blue | 128 APM | 3218 actions | 25:09)
5 Death Knight
3 Death Coil
2 Unholy Aura
4 Lich
2 Frost Nova
2 Frost Armor
4 Dark Ranger
2 Silence
2 Black Arrow
» actions
| Assign group hotkey | 53 | |
| Basic commands | 338 | |
| Build / train | 114 | |
| ESC pressed | 4 | |
| Enter build submenu | 27 | |
| Enter hero's abilities submenu | 13 | |
| Give item / drop item | 3 | |
| Right click | 903 | |
| Select / deselect | 552 | |
| Select group hotkey | 1056 | |
| Use ability | 155 | |
3218 total
» units
| Acolyte | 16 | |
| Ghoul | 5 | |
| Crypt Fiend | 6 | |
| Obsidian Statue | 4 | |
| Frost Wyrm | 3 | |
34 total
» upgrades
| Creature Attack | 3 | |
| Creature Carapace | 3 | |
| Web | 1 | |
| Freezing Breath | 2 | |
| Burrow | 2 | |
11 total
» buildings
| Graveyard | 1 | |
| Crypt | 2 | |
| Altar of Darkness | 1 | |
| Ziggurat | 7 | |
| Tomb of Relics | 1 | |
| Halls of the Dead | 4 | |
| Black Citadel | 2 | |
| Spirit Tower | 1 | |
| Nerubian Tower | 1 | |
| Slaughterhouse | 1 | |
| Sacrificial Pit | 1 | |
| Boneyard | 2 | |
| Necropolis | 3 | |
27 total
» build order
00:20 Graveyard
00:26 Crypt
00:45 Altar of Darkness
01:01 Ziggurat
01:33 Tomb of Relics
01:56 Ziggurat
04:33 Halls of the Dead
04:33 Halls of the Dead
04:34 Halls of the Dead
05:30 Ziggurat
05:32 Ziggurat
05:33 Crypt
07:10 Black Citadel
07:12 Spirit Tower
07:12 Nerubian Tower
07:20 Slaughterhouse
07:33 Sacrificial Pit
09:33 Boneyard
09:34 Boneyard
09:36 Ziggurat
09:37 Ziggurat
09:37 Ziggurat
11:31 Necropolis
19:52 Necropolis
22:52 Necropolis
» items
| Rod of Necromancy | 3 | |
| Potion of Lesser Invulnerability | 2 | |
| Scroll of Town Portal | 5 | |
| Orb of Corruption | 1 | |
| Scroll of Healing | 2 | |
| Boots of Speed | 1 | |
14 total

»
afk.noob (
orange | 74 APM | 1859 actions | 25:09)
5 Blademaster
3 Wind Walk
2 Critical Strike
4 Shadow Hunter
2 Hex
2 Healing Wave
» actions
| Assign group hotkey | 65 | |
| Basic commands | 12 | |
| Build / train | 83 | |
| Enter build submenu | 26 | |
| Enter hero's abilities submenu | 9 | |
| Give item / drop item | 2 | |
| Remove unit from queue | 2 | |
| Right click | 850 | |
| Select / deselect | 289 | |
| Select group hotkey | 383 | |
| Use ability | 138 | |
1859 total
» units
| Peon | 13 | |
| Goblin Shredder | 1 | |
| Wind Rider | 6 | |
| Goblin Sapper | 4 | |
| Raider | 5 | |
| Troll Batrider | 4 | |
33 total
» upgrades
| Ensnare | 1 | |
| Ranged Weapons | 1 | |
| Envenomed Spears | 1 | |
| Armor | 1 | |
| Reinforced Defenses | 1 | |
| Backpack | 0 | |
| Liquid Fire | 1 | |
6 total
» buildings
| Altar of Storms | 1 | |
| Orc Burrow | 6 | |
| War Mill | 1 | |
| Voodoo Lounge | 3 | |
| Stronghold | 1 | |
| Watch Tower | 9 | |
| Great Hall | 3 | |
| Beastiary | 2 | |
| Fortress | 1 | |
27 total
» build order
00:05 Altar of Storms
00:14 Orc Burrow
00:41 War Mill
01:27 Voodoo Lounge
02:15 Orc Burrow
02:30 Stronghold
02:59 Watch Tower
03:27 Great Hall
03:44 Watch Tower
04:17 Watch Tower
05:29 Watch Tower
06:26 Beastiary
06:29 Beastiary
06:35 Voodoo Lounge
06:38 Watch Tower
06:49 Orc Burrow
08:03 Fortress
08:59 Orc Burrow
10:13 Orc Burrow
12:52 Orc Burrow
14:52 Watch Tower
17:37 Watch Tower
19:50 Voodoo Lounge
20:10 Great Hall
20:29 Great Hall
21:10 Watch Tower
22:22 Watch Tower
» items
| Healing Salve | 6 | |
| Lesser Clarity Potion | 3 | |
| Boots of Speed | 3 | |
| Scroll of Speed | 3 | |
| Scroll of Town Portal | 7 | |
| Orb of Lightning | 5 | |
| Scroll of Protection | 1 | |
28 total
777 (
teal | 71 APM | 1791 actions | 25:09)
3 Archmage
2 Summon Water Elemental
1 Blizzard
3 Paladin
2 Holy Light
1 Divine Shield
1 Mountain King
1 Storm Bolt
» actions
| Basic commands | 1 | |
| Build / train | 74 | |
| Enter build submenu | 23 | |
| Enter hero's abilities submenu | 7 | |
| Right click | 1191 | |
| Select / deselect | 429 | |
| Use ability | 66 | |
1791 total
» units
| Peasant | 13 | |
| Footman | 5 | |
| Rifleman | 9 | |
| Mortar Team | 6 | |
| Knight | 5 | |
38 total
» upgrades
| Gunpowder | 3 | |
| Armor | 3 | |
| Long Rifles | 1 | |
| Lumber Harvesting | 1 | |
| Fragmentation Shards | 1 | |
| Swords | 3 | |
| Masonry | 2 | |
| Plating | 1 | |
| Animal War Training | 1 | |
16 total
» buildings
| Altar of Kings | 2 | |
| Farm | 10 | |
| Barracks | 1 | |
| Lumber Mill | 1 | |
| Blacksmith | 1 | |
| Keep | 1 | |
| Arcane Vault | 1 | |
| Castle | 1 | |
| Workshop | 2 | |
| Town Hall | 2 | |
22 total
» build order
00:08 Altar of Kings
00:12 Farm
00:16 Farm
00:53 Barracks
01:22 Lumber Mill
02:00 Blacksmith
03:47 Keep
04:32 Farm
04:36 Arcane Vault
05:19 Farm
06:31 Farm
06:37 Farm
09:25 Castle
09:59 Workshop
10:02 Farm
10:05 Farm
10:06 Farm
10:47 Workshop
12:32 Town Hall
21:31 Altar of Kings
21:34 Farm
23:58 Town Hall
» items
HARASS-HERO (
red | 57 APM | 1441 actions | 25:09)
3 Mountain King
2 Storm Bolt
1 Bash
» actions
| Assign group hotkey | 34 | |
| Basic commands | 35 | |
| Build / train | 61 | |
| Enter build submenu | 21 | |
| Enter hero's abilities submenu | 3 | |
| Give item / drop item | 1 | |
| Remove unit from queue | 1 | |
| Right click | 477 | |
| Select / deselect | 217 | |
| Select group hotkey | 540 | |
| Use ability | 51 | |
1441 total
» units
| Peasant | 9 | |
| Footman | 4 | |
| Goblin Shredder | 1 | |
| Gryphon Rider | 6 | |
| Goblin Sapper | 4 | |
24 total
» upgrades
| Masonry | 3 | |
| Storm Hammers | 1 | |
| Animal War Training | 1 | |
| Swords | 2 | |
| Armor | 2 | |
| Cloud | 1 | |
10 total
» buildings
| Altar of Kings | 1 | |
| Barracks | 1 | |
| Farm | 12 | |
| Scout Tower | 7 | |
| Arcane Tower | 3 | |
| Arcane Vault | 1 | |
| Lumber Mill | 1 | |
| Keep | 1 | |
| Guard Tower | 6 | |
| Town Hall | 1 | |
| Castle | 1 | |
| Gryphon Aviary | 4 | |
| Blacksmith | 1 | |
40 total
» build order
00:08 Altar of Kings
00:23 Barracks
00:37 Farm
00:52 Farm
01:29 Scout Tower
01:42 Farm
02:02 Arcane Tower
02:03 Arcane Tower
02:28 Arcane Vault
03:07 Lumber Mill
03:45 Scout Tower
03:46 Scout Tower
03:57 Keep
04:18 Guard Tower
04:29 Farm
05:52 Town Hall
05:54 Scout Tower
05:55 Scout Tower
06:00 Scout Tower
06:00 Scout Tower
06:29 Arcane Tower
06:33 Guard Tower
06:56 Guard Tower
08:12 Castle
08:17 Gryphon Aviary
08:17 Gryphon Aviary
09:27 Gryphon Aviary
09:47 Guard Tower
09:47 Guard Tower
10:16 Blacksmith
10:50 Gryphon Aviary
12:47 Farm
12:47 Farm
12:48 Farm
12:48 Farm
14:13 Farm
14:14 Farm
14:15 Farm
14:16 Farm
16:50 Guard Tower
» items
| Scroll of Regeneration | 2 | |
| Ivory Tower | 4 | |
| Scroll of Town Portal | 1 | |
| Orb of Fire | 1 | |
| Potion of Lesser Invulnerability | 1 | |
9 total
team 2 (loser)
W.LiesPeonsDie (
yellow | 47 APM | 1175 actions | 25:09)
4 Death Knight
2 Death Coil
2 Unholy Aura
3 Pit Lord
2 Howl of Terror
1 Cleaving Attack
» actions
| Assign group hotkey | 45 | |
| Basic commands | 45 | |
| Build / train | 60 | |
| Enter build submenu | 22 | |
| Enter hero's abilities submenu | 7 | |
| Give item / drop item | 2 | |
| Remove unit from queue | 1 | |
| Right click | 334 | |
| Select / deselect | 227 | |
| Select group hotkey | 363 | |
| Use ability | 69 | |
1175 total
» units
| Acolyte | 5 | |
| Ghoul | 5 | |
| Crypt Fiend | 8 | |
| Goblin Shredder | 1 | |
| Frost Wyrm | 4 | |
23 total
» upgrades
| Creature Attack | 3 | |
| Creature Carapace | 3 | |
| Web | 1 | |
| Burrow | 1 | |
| Freezing Breath | 1 | |
| Backpack | 1 | |
10 total
» buildings
| Ziggurat | 11 | |
| Crypt | 1 | |
| Altar of Darkness | 1 | |
| Nerubian Tower | 4 | |
| Graveyard | 1 | |
| Halls of the Dead | 1 | |
| Spirit Tower | 4 | |
| Tomb of Relics | 1 | |
| Black Citadel | 1 | |
| Sacrificial Pit | 1 | |
| Boneyard | 1 | |
| Necropolis | 1 | |
28 total
» build order
00:09 Ziggurat
00:20 Crypt
00:55 Altar of Darkness
00:59 Ziggurat
01:15 Nerubian Tower
01:59 Graveyard
02:22 Ziggurat
03:16 Nerubian Tower
04:41 Halls of the Dead
05:20 Ziggurat
05:53 Ziggurat
06:59 Spirit Tower
07:03 Spirit Tower
07:33 Ziggurat
08:42 Spirit Tower
09:21 Ziggurat
09:53 Ziggurat
10:07 Tomb of Relics
10:27 Black Citadel
11:12 Spirit Tower
14:55 Sacrificial Pit
16:47 Boneyard
17:42 Necropolis
18:13 Ziggurat
18:18 Ziggurat
18:55 Ziggurat
19:59 Nerubian Tower
20:03 Nerubian Tower
» items
| Scroll of Town Portal | 4 | |
| Potion of Healing | 2 | |
6 total
AnnoyingAF (
purple | 59 APM | 1243 actions | 21:03)
4 Mountain King
2 Storm Bolt
2 Bash
2 Paladin
1 Holy Light
1 Divine Shield
» actions
| Assign group hotkey | 30 | |
| Basic commands | 136 | |
| Build / train | 98 | |
| Enter build submenu | 44 | |
| Enter hero's abilities submenu | 6 | |
| Give item / drop item | 3 | |
| Right click | 178 | |
| Select / deselect | 311 | |
| Select group hotkey | 308 | |
| Use ability | 129 | |
1243 total
» units
| Peasant | 26 | |
| Footman | 15 | |
| Siege Engine | 2 | |
43 total
» upgrades
| Defend | 1 | |
| Masonry | 1 | |
| Gunpowder | 1 | |
| Barrage | 1 | |
4 total
» buildings
| Lumber Mill | 3 | |
| Farm | 8 | |
| Altar of Kings | 1 | |
| Barracks | 2 | |
| Scout Tower | 25 | |
| Arcane Tower | 4 | |
| Town Hall | 2 | |
| Arcane Vault | 2 | |
| Guard Tower | 14 | |
| Keep | 1 | |
| Castle | 1 | |
| Blacksmith | 1 | |
| Workshop | 3 | |
67 total
» build order
00:19 Lumber Mill
00:35 Farm
01:04 Altar of Kings
01:08 Farm
01:22 Barracks
01:33 Farm
01:35 Scout Tower
02:14 Arcane Tower
02:28 Farm
02:45 Barracks
03:17 Farm
05:03 Town Hall
06:01 Arcane Vault
06:15 Scout Tower
06:18 Scout Tower
06:19 Scout Tower
06:20 Scout Tower
06:44 Guard Tower
06:45 Arcane Tower
06:49 Arcane Tower
06:55 Scout Tower
06:56 Scout Tower
07:28 Guard Tower
07:32 Lumber Mill
08:12 Keep
08:22 Guard Tower
08:58 Scout Tower
08:59 Scout Tower
09:28 Scout Tower
09:28 Scout Tower
09:29 Scout Tower
09:54 Scout Tower
09:54 Scout Tower
09:55 Scout Tower
10:00 Guard Tower
10:15 Scout Tower
10:23 Guard Tower
10:26 Arcane Vault
10:29 Arcane Tower
10:37 Guard Tower
10:44 Guard Tower
10:53 Guard Tower
10:54 Guard Tower
10:56 Scout Tower
10:58 Scout Tower
10:59 Scout Tower
11:01 Scout Tower
11:53 Castle
12:22 Blacksmith
12:25 Guard Tower
12:25 Guard Tower
12:26 Guard Tower
12:38 Scout Tower
12:39 Scout Tower
12:40 Scout Tower
12:53 Guard Tower
13:09 Guard Tower
14:10 Farm
14:10 Farm
14:11 Farm
14:13 Workshop
14:31 Workshop
15:18 Workshop
17:12 Lumber Mill
17:50 Town Hall
19:39 Scout Tower
20:01 Scout Tower
» items
| Scroll of Regeneration | 7 | |
| Lesser Clarity Potion | 3 | |
| Potion of Mana | 2 | |
| Scroll of Town Portal | 4 | |
| Potion of Lesser Invulnerability | 2 | |
| Boots of Speed | 1 | |
| Scroll of Healing | 1 | |
| Orb of Fire | 2 | |
| Potion of Healing | 1 | |
23 total
UrOwner (
pink | 90 APM | 2267 actions | 25:15)
5 Death Knight
3 Death Coil
2 Unholy Aura
4 Lich
2 Frost Nova
2 Frost Armor
» actions
| Assign group hotkey | 52 | |
| Basic commands | 37 | |
| Build / train | 149 | |
| Enter build submenu | 30 | |
| Enter hero's abilities submenu | 9 | |
| Give item / drop item | 12 | |
| Remove unit from queue | 1 | |
| Right click | 783 | |
| Select / deselect | 382 | |
| Select group hotkey | 679 | |
| Use ability | 133 | |
2267 total
» units
| Acolyte | 8 | |
| Ghoul | 5 | |
| Crypt Fiend | 12 | |
| Goblin Shredder | 4 | |
| Obsidian Statue | 3 | |
| Abomination | 2 | |
| Meatwagon | 1 | |
35 total
» upgrades
| Creature Attack | 3 | |
| Burrow | 1 | |
| Web | 1 | |
| Creature Carapace | 3 | |
| Ghoul Frenzy | 1 | |
| Disease Cloud | 1 | |
| Destroyer Form | 1 | |
| Unholy Armor | 2 | |
13 total
» buildings
| Graveyard | 1 | |
| Crypt | 2 | |
| Altar of Darkness | 1 | |
| Ziggurat | 13 | |
| Tomb of Relics | 1 | |
| Nerubian Tower | 12 | |
| Halls of the Dead | 4 | |
| Spirit Tower | 19 | |
| Necropolis | 1 | |
| Black Citadel | 5 | |
| Slaughterhouse | 2 | |
61 total
» build order
00:14 Graveyard
00:18 Crypt
00:43 Altar of Darkness
00:59 Ziggurat
01:19 Tomb of Relics
02:03 Ziggurat
05:04 Ziggurat
05:31 Ziggurat
06:03 Nerubian Tower
06:13 Ziggurat
06:38 Halls of the Dead
06:38 Halls of the Dead
06:45 Nerubian Tower
06:45 Nerubian Tower
06:58 Spirit Tower
06:58 Spirit Tower
07:34 Necropolis
07:36 Spirit Tower
07:36 Spirit Tower
07:36 Spirit Tower
07:59 Ziggurat
08:55 Spirit Tower
08:55 Spirit Tower
10:50 Black Citadel
10:50 Black Citadel
11:19 Ziggurat
11:21 Spirit Tower
11:21 Spirit Tower
11:58 Ziggurat
12:00 Ziggurat
12:06 Slaughterhouse
12:38 Ziggurat
13:05 Crypt
13:08 Slaughterhouse
13:12 Ziggurat
13:13 Ziggurat
15:02 Nerubian Tower
15:02 Nerubian Tower
15:03 Spirit Tower
15:03 Spirit Tower
15:03 Spirit Tower
15:04 Spirit Tower
18:27 Nerubian Tower
18:27 Nerubian Tower
18:28 Nerubian Tower
21:11 Spirit Tower
21:12 Spirit Tower
21:13 Ziggurat
» items
| Rod of Necromancy | 6 | |
| Sacrificial Skull | 6 | |
| Periapt of Vitality | 1 | |
| Lesser Clarity Potion | 4 | |
| Scroll of Regeneration | 1 | |
| Potion of Greater Healing | 1 | |
| Scroll of Town Portal | 6 | |
| Ring of Regeneration | 1 | |
| Orb of Corruption | 1 | |
| Mana Stone | 2 | |
| Wand of the Wind | 1 | |
| Potion of Healing | 1 | |
| Scroll of Healing | 1 | |
32 total
InMeBones (
green | 59 APM | 1483 actions | 25:09)
6 Mountain King
3 Storm Bolt
2 Bash
1 Avatar
» actions
| Assign group hotkey | 76 | |
| Basic commands | 17 | |
| Build / train | 104 | |
| Enter build submenu | 37 | |
| Enter hero's abilities submenu | 6 | |
| Give item / drop item | 3 | |
| Remove unit from queue | 3 | |
| Right click | 708 | |
| Select / deselect | 280 | |
| Select group hotkey | 152 | |
| Use ability | 97 | |
1483 total
» units
| Peasant | 36 | |
| Footman | 5 | |
| Goblin Shredder | 5 | |
| Dragonhawk Rider | 12 | |
| Gryphon Rider | 1 | |
59 total
» upgrades
| Masonry | 2 | |
| Cloud | 1 | |
| Swords | 3 | |
| Armor | 4 | |
| Animal War Training | 1 | |
11 total
» buildings
| Altar of Kings | 1 | |
| Barracks | 1 | |
| Farm | 6 | |
| Arcane Vault | 1 | |
| Keep | 1 | |
| Town Hall | 2 | |
| Lumber Mill | 1 | |
| Gryphon Aviary | 4 | |
| Scout Tower | 18 | |
| Guard Tower | 6 | |
| Castle | 1 | |
| Blacksmith | 2 | |
44 total
» build order
00:38 Altar of Kings
00:39 Barracks
00:57 Farm
00:58 Farm
01:07 Farm
01:27 Farm
01:34 Farm
03:16 Arcane Vault
03:40 Keep
04:37 Town Hall
04:41 Lumber Mill
06:57 Gryphon Aviary
06:58 Gryphon Aviary
06:59 Gryphon Aviary
06:59 Gryphon Aviary
07:19 Scout Tower
07:19 Scout Tower
07:19 Scout Tower
07:20 Scout Tower
07:21 Scout Tower
07:57 Town Hall
07:59 Guard Tower
08:16 Guard Tower
09:14 Farm
11:11 Scout Tower
11:11 Scout Tower
11:12 Scout Tower
11:12 Scout Tower
11:12 Scout Tower
11:53 Guard Tower
12:49 Castle
12:53 Blacksmith
12:54 Blacksmith
12:58 Scout Tower
12:58 Scout Tower
12:59 Scout Tower
12:59 Scout Tower
13:03 Scout Tower
13:03 Scout Tower
13:04 Scout Tower
13:04 Scout Tower
14:29 Guard Tower
14:29 Guard Tower
» items
| Boots of Speed | 1 | |
| Lesser Clarity Potion | 1 | |
| Scroll of Regeneration | 5 | |
| Mechanical Critter | 3 | |
| Periapt of Vitality | 1 | |
| Potion of Healing | 1 | |
| Scroll of Town Portal | 3 | |
15 total
Chat log
(00:10 / Allies) AnnoyingAF: rush
(00:31 / Allies) W.LiesPeonsDie: k
(02:26 / Allies) AnnoyingAF: techer
(02:33 / Allies) W.LiesPeonsDie: lets hit oj then
(02:45 / All) afk.noob: nice hack
(02:52 / All) AnnoyingAF: lmao noob. scout?
(02:55 / All) afk.noob: ya
(03:09 / All) AnnoyingAF: well anyway, gg you lose
(03:14 / All) afk.noob: k
(03:20 / All) HARASS-HERO: purp dont hit me, hit him. i was nice to u
(04:19 / Allies) InMeBones: put acos
(04:20 / Allies) InMeBones: back on mine
(04:25 / Allies) AnnoyingAF: lets go
(04:54 / Allies) W.LiesPeonsDie: ty
(05:22 / All) InMeBones: nice one blue
(05:24 / Allies) AnnoyingAF: you guys decide to creep?
(05:24 / All) InMeBones: totally legitimate
(05:31 / Allies) AnnoyingAF: good job. he techs, so now you just creep
(05:41 / All) InMeBones: fucking faggot
(05:47 / All) InMeBones: hacking trash
(05:50 / All) InMeBones: retard
(05:52 / All) RacistChocolate: its game man
(05:54 / All) RacistChocolate: chill out
(06:00 / All) InMeBones: stop hacking queer
(06:04 / All) RacistChocolate: sure bro
(06:21 / All) afk.noob: noob
(06:39 / All) AnnoyingAF: teching noob?
(08:04 / Allies) InMeBones: wood
(08:30 / Allies) InMeBones: gold
(09:58 / Allies) InMeBones: help
(10:15 / All) InMeBones: Nice hax faggot
(10:20 / All) InMeBones: you didn't even bother for expo
(10:25 / All) InMeBones: why is that hackeR/
(10:42 / All) InMeBones: why yo udidn't go to my expo hacker?
(10:48 / All) RacistChocolate: because i scanned it
(10:50 / Allies) InMeBones: wheres my shreddar
(10:54 / All) RacistChocolate: and u had like 8 towers
(10:55 / All) InMeBones: because yo uhave hacks
(10:57 / Allies) UrOwner: shredder if you forget
(11:04 / Allies) InMeBones: couldn't find it
(11:08 / All) RacistChocolate: don't accuse when you don't even have prove dipshit
(11:09 / All) RacistChocolate: stfu
(11:47 / All) AnnoyingAF: lmao noob
(11:48 / All) afk.noob: no purp
(11:50 / All) afk.noob: noob
(11:59 / All) AnnoyingAF: youre soooo bad
(12:08 / Allies) W.LiesPeonsDie: share gold plz purp
(12:08 / All) afk.noob: go more camp
(12:19 / All) AnnoyingAF: awww little wyverns useless?
(12:35 / All) afk.noob: no unit lost
(13:05 / Allies) AnnoyingAF: will tp
(13:14 / Allies) AnnoyingAF: tping
(13:16 / Allies) AnnoyingAF: go guys
(13:17 / Allies) InMeBones: back up
(13:26 / Allies) InMeBones: back up omw
(13:43 / Allies) UrOwner: I'll tp in a sec gonna buy an item
(14:00 / All) InMeBones: asdfkjasdfjdfas
(14:18 / Allies) AnnoyingAF: wood?
(14:20 / Allies) AnnoyingAF: for tanks
(14:29 / Allies) AnnoyingAF: ty
(14:30 / Allies) W.LiesPeonsDie: then share gold plz
(14:47 / Allies) W.LiesPeonsDie: plz u have over 2k
(14:58 / Allies) AnnoyingAF: its for tanks
(15:28 / Allies) InMeBones: wood
(15:33 / All) RacistChocolate: see pink hacks and we don't whine green
(15:47 / Allies) InMeBones: I don't have cloud yet
(16:20 / Allies) AnnoyingAF: help?
(16:29 / Allies) InMeBones: yes
(16:32 / Allies) InMeBones: tp
(17:27 / Allies) AnnoyingAF: we need to hit
(17:40 / Allies) UrOwner: yeah1
(17:46 / Allies) UrOwner: hit teal
(17:48 / Allies) UrOwner: he's soft
(17:55 / All) InMeBones: love your hacks bro
(18:03 / All) InMeBones: JUST RANDOMLY GOT ME 30 TIMES IN A ROW
(19:17 / Allies) AnnoyingAF: wiid
(19:18 / Allies) AnnoyingAF: fast
(19:20 / Allies) AnnoyingAF: wood
(19:41 / All) InMeBones: most frustrating game I've played in a while
(19:50 / Allies) W.LiesPeonsDie: purp footies
(19:59 / Allies) InMeBones: hit teal
(20:02 / All) afk.noob: pro purp
(20:19 / All) afk.noob: he have shade
(20:20 / All) afk.noob: idiot
(20:50 / All) afk.noob: bad move purp
(20:58 / All) AnnoyingAF: plz. yawn
(21:00 / All) AnnoyingAF: you blow
(21:04 / All) afk.noob: you noob
(21:24 / All) HARASS-HERO: BLUE IS HACKING
(22:00 / All) 777: kinda forget bout your ally eh (scratches head with a bubble falling down emoji)
(23:15 / Allies) InMeBones: rod tp to my base
(23:17 / Allies) InMeBones: or your base
(24:14 / Allies) InMeBones: cil
(24:17 / All) UrOwner: rape
(24:26 / All) afk.noob: Red do noting
(24:29 / All) afk.noob: 7 k gold afk
(24:31 / All) 777: red is backstabbing.
(24:31 / All) afk.noob: lucky
(24:33 / All) 777: im hacking brb
(24:34 / All) UrOwner: lol
(24:34 / All) HARASS-HERO: lol
(24:35 / All) UrOwner: get fucked
(24:38 / All) HARASS-HERO: teal hacking
(24:43 / All) HARASS-HERO: disc hack inC
(24:51 / All) 777: whoever drops
(24:53 / All) 777: hopefully red
(24:56 / Allies) InMeBones: gold
(25:01 / All) UrOwner: 1dishchackadsasdsad
(25:05 / All) UrOwner: hacker lol
(25:05 / All) UrOwner: in a 13 year old game
(25:09 / All) 777: red ruined game
(25:09 / All) 777: was a goodgame